 Dungeon Crawl Stone Soup version 0.30-a0-924-g0ad0bf95bc (webtiles) character file.

Game seed: 4697040540826708243

298 kenny the Conjurer (level 6, -2/33 HPs)
             Began as a Deep Elf Conjurer on Mar 22, 2023.
             Killed by divine providence
             ... invoked by an orc priest
              (13 damage)
             ... on level 4 of the Dungeon.
             The game lasted 00:08:08 (3086 turns).

kenny the Conjurer (Deep Elf Conjurer)              Turns: 3086, Time: 00:08:09

Health: -2/33      AC:  3    Str:  4    XL:     6   Next: 13%
Magic:  8/14       EV: 13    Int: 25    God:
Gold:   157        SH:  0    Dex: 13    Spells: 4/14 levels left

rFire   x . .      SeeInvis .    f - +1 dagger
rCold   + . .      Faith    .    (no shield)
rNeg    . . .      Spirit   .    a - +0 robe
rPois   .          Reflect  .    (no helmet)
rElec   .          Rampage  .    (no cloak)
rCorr   .                        (no gloves)
Will    .....                    m - +0 pair of boots
Stlth   ++                       e - amulet of the acrobat
HPRegen 0.25/turn                r - ring of flight
MPRegen 0.14/turn                s - ring of ice

@: flying
A: no striking features
a: no special abilities


You were on level 4 of the Dungeon.
You visited 1 branch of the dungeon, and saw 4 of its levels.

You collected 157 gold pieces.

Inventory:

Hand Weapons
 f - a +1 dagger (weapon)
Armour
 a - a +0 robe (worn)
 m - a +0 pair of boots (worn)
 o - a scarf of invisibility
Magical Staves
 h - a staff of poison
Jewellery
 e - an amulet of the acrobat (around neck)
 r - a ring of flight (left hand)
 s - a ring of ice (right hand)
Wands
 j - a wand of roots (5)
 p - a wand of flame (11)
Scrolls
 c - 2 scrolls of teleportation
 n - a scroll of amnesia
 t - a scroll of immolation {unknown}
 u - a scroll of fog
 w - 2 scrolls of identify
 x - a scroll of silence {unknown}
 y - a scroll of summoning
Potions
 b - a potion of magic
 d - 2 potions of attraction
 g - a potion of might {unknown}
 i - a potion of invisibility {unknown}
 k - a potion of flight {unknown}
 l - a potion of cancellation {unknown}
 q - a potion of curing {unknown}
 v - a potion of ambrosia {unknown}
 z - a potion of degeneration {unknown}


   Skills:
 + Level 0.7 Fighting
 + Level 1.2 Short Blades
 + Level 3.1 Dodging
 + Level 3.8 Stealth
 + Level 4.5 Spellcasting
 + Level 6.2 Conjurations
 * Level 1.9 Hexes


You had 4 spell levels left.
You knew the following spells:

 Your Spells              Type           Power      Damage    Failure   Level
a - Magic Dart            Conj           100%       1d8       1%          1
b - Searing Ray           Conj           72%        2d7       1%          2
c - Dazzling Flash        Conj/Hex       52%        N/A       4%          3
d - Fulminant Prism       Conj/Hex       13%        3d9       16%         4

Your spell library contained the following spells:

 Spells                   Type           Power      Damage    Failure   Level
 Iskenderun's Mystic Bla  Conj/Tloc      21%        2d6       24%         4


Dungeon Overview and Level Annotations

Branches:
Dungeon (4/15)
 Temple: D:4-7

Altars:
Makhleb


Message History

An orc priest and 2 orcs come into view.
Found a stone staircase leading up.
The orc shouts!
You hear a shout!
An orc comes into view. It is wielding a +0 hand axe.
The orc priest invokes the aid of Beogh against you.
Pain shoots through your body!
Casting: Searing Ray (safe; 1% risk of failure)
Confirm with . or Enter, or press ? or * to list all spells.
Aiming: Searing Ray (safe; 1% risk of failure)
Press: ? - help, Shift-Dir - straight line, f - orc priest
Aim: an orc priest, wielding a +0 falchion and wearing a +0 chain mail (86% to hit)
The searing ray hits the orc priest but does no damage.
The searing ray hits the orc!
You kill the orc!
The searing ray hits the orc.
The orc is severely wounded. (Press . to maintain the ray.)
The orc priest hits you with a +0 falchion.
The searing ray hits the orc priest.
The orc priest is lightly wounded.
The searing ray hits the orc!
You kill the orc!
The searing ray hits the orc!
You kill the orc!
The orc priest calls down the wrath of Beogh upon you.
Beogh smites you!
The searing ray hits the orc priest but does no damage.
The orc priest is lightly wounded.
The orc priest hits you with a +0 falchion.
Casting: Searing Ray (safe; 1% risk of failure)
Confirm with . or Enter, or press ? or * to list all spells.
Restarting spell: Searing Ray (safe; 1% risk of failure)
Press: ? - help, Shift-Dir - straight line, f/p - orc priest
Aim: an orc priest, wielding a +0 falchion and wearing a +0 chain mail (lightly wounded, 86% to hit)
The searing ray hits the orc priest but does no damage.
The orc priest is lightly wounded. (Press . to maintain the ray.)
The orc priest mumbles some strange prayers to Beogh against you.
Beogh smites you!
You die...

..# #.. #.# #.# #.##
#.# #.#####..... #.#
#.# #..# #.###
....)......# #.# #.#
##.# #.... ...#######.
#.# #.# #.# #..## ...#
#. .# #.# #.# #....
...# #. .###.####.#
##### ...# #.....>..#
...#
#.####.#.###########
...# #<)o@..#.#
#.....#
#..#######....######.#
#.###.## #..........#
#.#####.# #..<
#.#####.##
#.......###.## #.# #.#
#######....... #.# #.#
#####.## #.# #.#
#....... #.#####.####
#########.###.##
#.##.......#
#.............##


You could see an orc priest.

Vanquished Creatures
  A scorpion (D:4)
  A gnoll bouda (D:4)
  Jessica (D:2)
  An iguana (D:4)
  5 gnolls (D:4)
  An adder (D:4)
  3 river rats (D:3)
  3 worms
  9 orcs
  4 endoplasms
  2 giant cockroaches
  A goblin (D:1)
  3 hobgoblins
  4 jackals (D:1)
  6 kobolds
  A quokka (D:2)
  3 ball pythons
  4 bats
  11 frilled lizards
  4 rats
68 creatures vanquished.

Vanquished Creatures (others)
  7 plants (D:2)
7 creatures vanquished.

Grand Total: 75 creatures vanquished

Notes
Turn   | Place    | Note
-------+----------+-------------------------------------------
     0 | D:1      | kenny the Deep Elf Conjurer began the quest for the Orb.
     0 | D:1      | Reached XP level 1. HP: 10/10 MP: 6/6
   159 | D:1      | Reached XP level 2. HP: 15/15 MP: 4/8
   320 | D:1      | Found a faded altar of an unknown god.
   390 | D:1      | Reached skill level 5 in Conjurations
   606 | D:2      | Learned a level 2 spell: Searing Ray
   903 | D:2      | Noticed Jessica
   905 | D:2      | Killed Jessica
   906 | D:2      | Reached XP level 3. HP: 15/19 MP: 6/10
  1369 | D:3      | Learned a level 3 spell: Dazzling Flash
  1412 | D:3      | Found a burning altar of Makhleb.
  1597 | D:3      | Reached XP level 4. HP: 22/24 MP: 11/11
  2268 | D:4      | Reached skill level 6 in Conjurations
  2275 | D:3      | Learned a level 4 spell: Fulminant Prism
  2325 | D:4      | Reached XP level 5. HP: 22/28 MP: 8/13
  2645 | D:4      | Reached skill level 1 in Hexes
  2812 | D:4      | Reached skill level 1 in Short Blades
  2992 | D:4      | Reached XP level 6. HP: 31/33 MP: 5/14
  3086 | D:4      | Killed from afar by an orc priest

Illustrated notes

Levels and vault maps discovered:
D:1:      roderic_crossed_star, layout_rooms,
          shapermc_ecumenical_altar_notcrosses
D:2:      layout_basic, minmay_lizard_king, uniq_jessica
D:3:      layout_loops_ring, bloody_makhleb, portal_sewer_entry_e,
          minmay_misc_feat_diagonals
D:4:      layout_loops_ring

Skill      XL: |  1  2  3  4  5 |
---------------+----------------+-----
Conjurations   | 5 6 |  6.2
Stealth        | 3 |  3.8
Spellcasting   | 4 |  4.5
Hexes          | 1 |  1.9
Short Blades   | 1 |  1.2
Dodging        | 3 |  3.1
Fighting       | |  0.7

Action                     |  1- 3 |  4- 6 || total
---------------------------+-------+-------++-------
  Melee: Dagger            |    24 |    38 ||    62
         Punch             |       |     1 ||     1
   Cast: Magic Dart        |    41 |    31 ||    72
         Searing Ray       |     3 |    18 ||    21
         Dazzling Flash    |       |     1 ||     1
    Use: Scroll            |     8 |       ||     8
   Stab: Sleeping          |     1 |       ||     1
 Armour: Robe              |     2 |     4 ||     6
  Dodge: Dodged            |    11 |    45 ||    56

Table legend: (Time is in decaauts)
 A = Elapsed time spent in this place.
 B = Non-inter-level travel time spent in this place.
 C = Inter-level travel time spent in this place.
 D = Time resting spent in this place.
 E = Time spent auto-exploring this place.
 F = Levels seen in this place.
 G = Mean time per level.
                   A        B        C        D        E       F      G
               +--------+--------+--------+--------+--------+-----+--------+
         Total |   3085 |   2975 |    110 |    410 |   1832 |   4 |  771.2 |
       Dungeon |   3085 |   2975 |    110 |    410 |   1832 |   4 |  771.2 |
               +--------+--------+--------+--------+--------+-----+--------+

Top non-repeatable levels by time:
     D:3: 1028 daAuts
     D:4: 775 daAuts
     D:2: 694 daAuts
     D:1: 587 daAuts
